 Dungeon Crawl Stone Soup version 0.31-a0-881-ge136f0c47a (webtiles) character file.

Game seed: 5222903320572136545

18 Spaninq the Changeling (level 2, 0/21 HPs)
             Began as a Demonspawn Shapeshifter on Oct 15, 2023.
             Slain by a gnoll
             ... wielding a +0 flail of protection
              (4 damage)
             ... on level 1 of the Dungeon.
             The game lasted 00:01:13 (336 turns).

Spaninq the Changeling (Demonspawn Shapeshifter)     Turns: 336, Time: 00:01:14

Health: 0/21       AC:  8    Str: 14    XL:     2   Next: 48%
Magic:  2/2        EV:  7    Int: 11    God:
Gold:   42         SH:  0    Dex: 12    Spells: 1/1 levels left

rFire   . .          .
                       - Unarmed
rCold   . . .        (no shield)
rNeg    . . .        f - +0 chain mail
rPois   .            (helmet currently unavailable)
rElec   .            (cloak currently unavailable)
rCorr   .            (gloves currently unavailable)
SInv    .            (boots currently unavailable)
Will    .....        (no amulet) Stlth
                     (no ring)
HPRegen 0.23/turn    (no ring)
MPRegen 0.08/turn

%: no passive effects
@: beast-form
A: beast (slay +1), antennae 1
a: Begin Untransformation


You were on level 1 of the Dungeon.
You were a hulking beast.
You visited 1 branch of the dungeon, and saw 1 of its levels.

You collected 42 gold pieces.

Inventory:

Armour
 f - a +0 chain mail (worn)
Talismans
 c - a beast talisman (active)
 d - a flux talisman
Scrolls
 a - a scroll of identify {unknown}
 e - a scroll of poison {unknown}
Potions
 b - a potion of lignification


   Skills:
 + Level 1.6 Fighting
 - Level 1.7 Dodging
 - Level 2.6 Unarmed Combat
 * Level 3.2 Shapeshifting


You had one spell level left.
You didn't know any spells.
Your spell library contained the following spells:

 Spells                   Type           Power      Damage    Failure   Level
 Summon Small Mammal      Summ           0%         N/A       100%        1
 Call Canine Familiar     Summ           0%         N/A       100%        3
 Summon Guardian Golem    Hex/Summ       0%         N/A       100%        3


Dungeon Overview and Level Annotations

Branches:
Dungeon (1/15)

Altars:


Innate Abilities, Weirdness & Mutations

You are a hulking beast.
Your limbs bulge with bestial killing power. (Slay +1)
You have a pair of small antennae on your head.


Message History

You kill the hobgoblin!
The bat hits you but does no damage.
You hit the hobgoblin but do no damage. The bat barely misses you.
The hobgoblin hits you.
A rat comes into view.
You barely miss the hobgoblin. The bat hits you but does no damage.
The bat barely misses you.
The hobgoblin hits you but does no damage.
A gnoll comes into view.
It is wielding a +0 flail of protection.
The gnoll shouts!
You hit the hobgoblin.
You kill the hobgoblin!
The bat hits you but does no damage. The bat hits you but does no damage.
You see here a frilled lizard corpse.
You closely miss the bat. The bat closely misses you.
The bat hits you but does no damage. The bat hits you but does no damage.
The rat barely misses you.
You barely miss the rat. The rat barely misses you.
You closely miss the gnoll. The bat hits you but does no damage.
The bat barely misses you.
You hit the gnoll but do no damage. The bat hits you but does no damage.
The rat bites you but does no damage.
The gnoll hits you with a +0 flail of protection.
You barely miss the gnoll. The rat barely misses you.
The gnoll hits you with a +0 flail of protection.
The bat hits you but does no damage.
You hit the gnoll but do no damage. The bat hits you but does no damage. x2
The rat bites you but does no damage. The gnoll barely misses you.
You barely miss the gnoll. The rat bites you.
The gnoll hits you with a +0 flail of protection.
You closely miss the gnoll. The bat hits you but does no damage.
The rat bites you.
The gnoll hits you with a +0 flail of protection.
* * * LOW HITPOINT WARNING * * *
The bat barely misses you.
You hit the gnoll but do no damage. The bat hits you but does no damage.
The rat closely misses you.
The gnoll hits you with a +0 flail of protection.
You die...

.##....#
###...#.........#
#.. .......#
###...#########
#... .......#
#....# #(##
.......# #....###
#. ....)..#
#......+ #
...##### #...####
...# #####b...#
#### #†.†.....###
#)(†.h.....#
........rg..##.#
...[........+ .#
.............# #
.............#
...............
............####
...........#


You could see a gnoll, a bat and a rat.

Vanquished Creatures
  2 ball pythons (D:1)
  2 endoplasms (D:1)
  2 goblins (D:1)
  5 hobgoblins (D:1)
  A quokka (D:1)
  A bat (D:1)
  A frilled lizard (D:1)
  A rat (D:1)
15 creatures vanquished.

Notes
Turn   | Place    | Note
-------+----------+-------------------------------------------
     0 | D:1      | Spaninq the Demonspawn Shapeshifter began the quest for the
                  | Orb.
     0 | D:1      | Reached XP level 1. HP: 15/15 MP: 1/1
   144 | D:1      | Reached skill level 3 in Shapeshifting
   199 | D:1      | Discovered your monstrous ancestry.
   199 | D:1      | Gained mutation: You have a pair of small antennae on your
                  | head. [demonic ancestry]
   199 | D:1      | Reached XP level 2. HP: 13/21 MP: 2/2
   336 | D:1      | Slain by a gnoll

Illustrated notes

Levels and vault maps discovered:
D:1:      co_arrival_random_square_maze, layout_basic

Skill      XL: |  1 |
---------------+----+-----
Shapeshifting  | 3 |  3.2
Fighting       | |  1.6
Dodging        | |  1.7
Unarmed Combat | |  2.6

Action                     || total
---------------------------++-------
  Melee: Unarmed           ||    55
         Punch             ||     2
 Armour: Animal skin       ||     7
         Chain mail        ||    47
  Dodge: Dodged            ||    36

Table legend: (Time is in decaauts)
 A = Elapsed time spent in this place.
 B = Non-inter-level travel time spent in this place.
 C = Inter-level travel time spent in this place.
 D = Time resting spent in this place.
 E = Time spent auto-exploring this place.
 F = Levels seen in this place.
 G = Mean time per level.
                   A        B        C        D        E       F      G
               +--------+--------+--------+--------+--------+-----+--------+
         Total |    333 |    333 |      0 |      0 |    208 |   1 |  333.0 |
       Dungeon |    333 |    333 |      0 |      0 |    208 |   1 |  333.0 |
               +--------+--------+--------+--------+--------+-----+--------+

Top non-repeatable levels by time:
     D:1: 333 daAuts
